MWL (24 & UNDER)
BEMIDJI BENDERS @ PLUMSTEAD EAGLES
07/31/2023
 
TOP OF THE 1ST
Bemidji Benders batting - Pitching for Plumstead Eagles : LHP Beau Montgomery
Pitching: LHP Beau Montgomery
Batting: RHB António López 0-0: Ball
1-0: Called Strike
1-1: Fly out, F9 (Flyball, 89D)
Batting: RHB Juan Costello 0-0: Ball
1-0: Ball
2-0: SINGLE (Line Drive, 78S)
Batting: SHB Edgardo Osorio 0-0: Ball
1-0: Foul Ball, location: 2F
1-1: Ball
2-1: Swinging Strike
2-2: Strikes out swinging
Batting: RHB Alfredo López 0-0: Called Strike
0-1: Called Strike
0-2: Ball
1-2: SINGLE (Groundball, 56)
Juan Costello to second
Batting: RHB George Cox 0-0: Called Strike
0-1: Ball
1-1: Called Strike
1-2: Ball
2-2: Foul Ball, location: 2F
2-2: Strikes out swinging
Top of the 1st over - 0 run(s), 2 hit(s), 0 error(s), 2 left on base; Bemidji 0 - Plumstead 0
BOTTOM OF THE 1ST
Plumstead Eagles batting - Pitching for Bemidji Benders : RHP Don Wiggins
Pitching: RHP Don Wiggins
Batting: RHB Tim Gardner 0-0: Ball
1-0: Called Strike
1-1: Called Strike
1-2: SINGLE (Line Drive, 56)
Batting: RHB Norogumi Tanaka 0-0: Called Strike
0-1: Ball
1-1: Fly out, F8 (Flyball, 78XD)
Batting: LHB Eduardo Rodríguez 0-0: Called Strike
0-1: Grounds into double play, 4-6-3 (Groundball, 4)
Bottom of the 1st over - 0 run(s), 1 hit(s), 0 error(s), 0 left on base; Bemidji 0 - Plumstead 0
TOP OF THE 2ND
Bemidji Benders batting - Pitching for Plumstead Eagles : LHP Beau Montgomery
Batting: RHB Roberto Solís 0-0: Ball
1-0: Called Strike
1-1: Called Strike
1-2: Strikes out swinging
Batting: RHB Gabriel Stout 0-0: Ball
1-0: Ball
2-0: Swinging Strike
2-1: Ground out 4-3 (Groundball, 4)
Batting: RHB Júlio Valdés 0-0: Ball
1-0: Called Strike
1-1: DOUBLE (Line Drive, 89XD)
Batting: SHB José Cruz 0-0: Swinging Strike
0-1: Called Strike
0-2: Foul Ball, location: 2F
0-2: Foul Ball, location: 2F
0-2: Strikes out looking
Top of the 2nd over - 0 run(s), 1 hit(s), 0 error(s), 1 left on base; Bemidji 0 - Plumstead 0
BOTTOM OF THE 2ND
Plumstead Eagles batting - Pitching for Bemidji Benders : RHP Don Wiggins
Batting: RHB Germano Labrego 0-0: Called Strike
0-1: SINGLE (Line Drive, 8LS)
Batting: SHB Nate Rhodes 0-0: Called Strike
0-1: Ball
1-1: Swinging Strike
1-2: Ball
2-2: Ball
3-2: Strikes out swinging
Batting: RHB Juan Magdayao 0-0: Foul Ball, location: 2F
0-1: Foul Ball, location: 2F
0-2: Strikes out swinging
Batting: RHB J.J. Leslie 0-0: Ball
1-0: Swinging Strike
1-1: Ball
2-1: Foul Ball, location: 2F
2-2: Fly out, F5 (Popup, 5F)
Bottom of the 2nd over - 0 run(s), 1 hit(s), 0 error(s), 1 left on base; Bemidji 0 - Plumstead 0
TOP OF THE 3RD
Bemidji Benders batting - Pitching for Plumstead Eagles : LHP Beau Montgomery
Batting: RHB António López 0-0: Called Strike
0-1: Bunt for hit - play at first, batter OUT! 3-4
Batting: RHB Juan Costello 0-0: Swinging Strike
0-1: Ball
1-1: Called Strike
1-2: Foul Ball, location: 2F
1-2: Ball
2-2: Ball
3-2: Foul Ball, location: 2F
3-2: Strikes out swinging
Batting: SHB Edgardo Osorio 0-0: Called Strike
0-1: Ball
1-1: Swinging Strike
1-2: Strikes out swinging
Top of the 3rd over - 0 run(s), 0 hit(s), 0 error(s), 0 left on base; Bemidji 0 - Plumstead 0
BOTTOM OF THE 3RD
Plumstead Eagles batting - Pitching for Bemidji Benders : RHP Don Wiggins
Batting: RHB Donald Sanford 0-0: Ball
1-0: Ground out 1-3 (Groundball, 15)
Batting: RHB Louis Smith 0-0: Swinging Strike
0-1: Ball
1-1: Ball
2-1: Reached on error, E2 (Groundball, 2R)
Batting: RHB Tim Gardner 0-0: Swinging Strike
0-1: Hit by Pitch
Batting: RHB Norogumi Tanaka 0-0: Ball
1-0: Foul Ball, location: 2F
1-1: Fly out, F7 (Flyball, 78M)
Batting: LHB Eduardo Rodríguez 0-0: Called Strike
0-1: Ball
1-1: Foul Ball, location: 2F
1-2: Ball
2-2: Foul Ball, location: 2F
2-2: SINGLE (Groundball, 34D)
Louis Smith to third
Tim Gardner to second
Runner from 3rd tries for Home, SAFE, no throw or cutoff
Batting: RHB Germano Labrego 0-0: Called Strike
0-1: Ball
1-1: Ground out 1-3 (Groundball, 15S)
Bottom of the 3rd over - 1 run(s), 1 hit(s), 1 error(s), 2 left on base; Bemidji 0 - Plumstead 1
TOP OF THE 4TH
Bemidji Benders batting - Pitching for Plumstead Eagles : LHP Beau Montgomery
Batting: RHB Alfredo López 0-0: Foul Ball, location: 2F
0-1: SINGLE (Groundball, 6MD)
Batting: RHB George Cox 0-0: Swinging Strike
0-1: Called Strike
0-2: Strikes out looking
Batting: RHB Roberto Solís Balk!
Alfredo López to second
0-0: Ball
1-0: Called Strike
1-1: Ball
2-1: Called Strike
2-2: SINGLE (Line Drive, 56)
Alfredo López to third
Batting: RHB Gabriel Stout 0-0: Ball
1-0: Reached on error, E3 (Groundball, 3S)
Alfredo López scores
Roberto Solís to second
Batting: RHB Júlio Valdés 0-0: SINGLE (Line Drive, 34D)
Roberto Solís to third
Gabriel Stout to second
Runner from 3rd tries for Home, SAFE, throw made home
Batting: SHB José Cruz 0-0: Foul Ball, location: 2F
0-1: Fielders Choice at 2nd, U4 (Groundball, 4M)
Gabriel Stout to third
Batting: RHB António López 0-0: Foul Ball, location: 2F
0-1: Ball
1-1: Ground out 5-3 (Groundball, 15S)
Top of the 4th over - 2 run(s), 3 hit(s), 1 error(s), 2 left on base; Bemidji 2 - Plumstead 1
BOTTOM OF THE 4TH
Plumstead Eagles batting - Pitching for Bemidji Benders : RHP Don Wiggins
Batting: SHB Nate Rhodes 0-0: Ground out U3 (Groundball, 3L)
Batting: RHB Juan Magdayao 0-0: Called Strike
0-1: Swinging Strike
0-2: Ball
1-2: Ball
2-2: Strikes out swinging
Batting: RHB J.J. Leslie 0-0: Called Strike
0-1: Ball
1-1: Called Strike
1-2: Ground out 5-3 (Groundball, 5)
Bottom of the 4th over - 0 run(s), 0 hit(s), 0 error(s), 0 left on base; Bemidji 2 - Plumstead 1
TOP OF THE 5TH
Bemidji Benders batting - Pitching for Plumstead Eagles : LHP Beau Montgomery
Batting: RHB Juan Costello 0-0: DOUBLE (Flyball, 7LM)
Batting: SHB Edgardo Osorio 0-0: Called Strike
0-1: Ball
1-1: Swinging Strike
1-2: Foul Ball, location: 2F
1-2: Reached on error, E3 (Groundball, 3)
Juan Costello to third
Batting: RHB Alfredo López 0-0: Ball
1-0: Ball
2-0: Foul Ball, location: 2F
2-1: Ground out 5-3 (Groundball, 5)
Edgardo Osorio to second
Batting: RHB George Cox 0-0: Called Strike
0-1: Called Strike
0-2: Ball
1-2: Foul Ball, location: 2F
1-2: Strikes out looking
Batting: RHB Roberto Solís 0-0: Ball
1-0: Swinging Strike
1-1: Swinging Strike
1-2: Ball
2-2: Strikes out swinging
Top of the 5th over - 0 run(s), 1 hit(s), 1 error(s), 2 left on base; Bemidji 2 - Plumstead 1
BOTTOM OF THE 5TH
Plumstead Eagles batting - Pitching for Bemidji Benders : RHP Don Wiggins
Batting: RHB Donald Sanford 0-0: Called Strike
0-1: Foul Ball, location: 2F
0-2: Ball
1-2: SOLO HOME RUN (Flyball, 78XD), Distance : 385 ft
Batting: RHB Louis Smith 0-0: Ball
1-0: Foul Ball, location: 2F
1-1: Called Strike
1-2: Foul Ball, location: 2F
1-2: Ball
2-2: Fly out, F9 (Flyball, 9M)
Batting: RHB Tim Gardner 0-0: Ball
1-0: Called Strike
1-1: Ball
2-1: Foul Ball, location: 2F
2-2: Strikes out swinging
Batting: RHB Norogumi Tanaka 0-0: Ball
1-0: Ground out 5-3 (Groundball, 5S)
Bottom of the 5th over - 1 run(s), 1 hit(s), 0 error(s), 0 left on base; Bemidji 2 - Plumstead 2
TOP OF THE 6TH
Bemidji Benders batting - Pitching for Plumstead Eagles : LHP Beau Montgomery
Pitching: RHP Iván Márquez
Batting: RHB Gabriel Stout 0-0: Called Strike
0-1: Foul Ball, location: 2F
0-2: Ball
1-2: Strikes out swinging
Batting: RHB Júlio Valdés 0-0: Called Strike
0-1: Ball
1-1: Foul Ball, location: 2F
1-2: Strikes out swinging
Batting: SHB José Cruz 0-0: Called Strike
0-1: Ball
1-1: Foul Ball, location: 2F
1-2: Ball
2-2: SOLO HOME RUN (Flyball, 9D), Distance : 374 ft
Batting: RHB António López 0-0: Called Strike
0-1: Fly out, F4 (Popup, 34D)
Top of the 6th over - 1 run(s), 1 hit(s), 0 error(s), 0 left on base; Bemidji 3 - Plumstead 2
BOTTOM OF THE 6TH
Plumstead Eagles batting - Pitching for Bemidji Benders : RHP Don Wiggins
Batting: LHB Eduardo Rodríguez 0-0: Ball
1-0: Fly out, F9 (Flyball, 9D)
Batting: RHB Germano Labrego 0-0: Called Strike
0-1: Ball
1-1: Fly out, F7 (Flyball, 78S)
Batting: SHB Nate Rhodes 0-0: Ground out 6-3 (Groundball, 6M)
Bottom of the 6th over - 0 run(s), 0 hit(s), 0 error(s), 0 left on base; Bemidji 3 - Plumstead 2
TOP OF THE 7TH
Bemidji Benders batting - Pitching for Plumstead Eagles : RHP Iván Márquez
Batting: RHB Juan Costello 0-0: Foul Ball, location: 2F
0-1: Ball
1-1: Swinging Strike
1-2: Strikes out looking
Batting: SHB Edgardo Osorio 0-0: Called Strike
0-1: Ball
1-1: Ground out 2-3 (Groundball, 15S)
Batting: RHB Alfredo López 0-0: Foul Ball, location: 2F
0-1: Ball
1-1: Ball
2-1: Ball
3-1: Base on Balls
Pinch Runner at 1st Raúl Morales:
Pinch Hitting: RHB Ángel Garza 0-0: Called Strike
0-1: Ball
1-1: Swinging Strike
1-2: Ball
Raúl Morales steals 2nd base
2-2: Ball
3-2: Base on Balls
Batting: RHB Roberto Solís 0-0: Ball
1-0: Called Strike
1-1: SINGLE (Groundball, 5)
Raúl Morales to third
Ángel Garza to second
Runner from 3rd tries for Home, SAFE, no throw or cutoff
Batting: RHB Gabriel Stout 0-0: Foul Ball, location: 2F
0-1: Foul Ball, location: 2F
0-2: Ball
1-2: Ball
2-2: Strikes out swinging
Top of the 7th over - 1 run(s), 1 hit(s), 0 error(s), 2 left on base; Bemidji 4 - Plumstead 2
BOTTOM OF THE 7TH
Plumstead Eagles batting - Pitching for Bemidji Benders : RHP Don Wiggins
Now at 3B: Ángel Garza
Now in CF: Manny Ramírez
Batting: RHB Juan Magdayao 0-0: Called Strike
0-1: Ball
1-1: Swinging Strike
1-2: Ball
2-2: Foul Ball, location: 2F
2-2: Ground out 5-3 (Groundball, 56)
Batting: RHB J.J. Leslie 0-0: Ball
1-0: Called Strike
1-1: Foul Ball, location: 2F
1-2: Strikes out looking
Batting: RHB Donald Sanford 0-0: Fly out, F7 (Flyball, 7D)
Bottom of the 7th over - 0 run(s), 0 hit(s), 0 error(s), 0 left on base; Bemidji 4 - Plumstead 2
TOP OF THE 8TH
Bemidji Benders batting - Pitching for Plumstead Eagles : RHP Iván Márquez
Pitching: LHP Dave Watkins
Batting: RHB Júlio Valdés 0-0: SINGLE (Line Drive, 34D)
Batting: SHB José Cruz 0-0: Sac Bunt - play at first, batter OUT! 1-4
Júlio Valdés to second
Batting: RHB António López 0-0: Ball
1-0: Fly out, F7 (Flyball, 78S)
Batting: RHB Juan Costello 0-0: Called Strike
0-1: Swinging Strike
0-2: Strikes out swinging
Top of the 8th over - 0 run(s), 1 hit(s), 0 error(s), 1 left on base; Bemidji 4 - Plumstead 2
BOTTOM OF THE 8TH
Plumstead Eagles batting - Pitching for Bemidji Benders : RHP Don Wiggins
Pitching: LHP David Taylor
Batting: RHB Louis Smith 0-0: Swinging Strike
0-1: Ball
1-1: Swinging Strike
1-2: Strikes out swinging
Batting: RHB Tim Gardner 0-0: Ball
1-0: SINGLE (Groundball, 4MD)
Pitching: RHP Rod Day
Batting: RHB Norogumi Tanaka 0-0: SINGLE (Flyball, 8RS)
Tim Gardner to second
Runner from 2nd tries for 3rd, SAFE, no throw or cutoff
Pitching: LHP Jesse Payne
Batting: LHB Eduardo Rodríguez 0-0: Called Strike
0-1: Ball
1-1: Foul Ball, location: 2F
1-2: Strikes out swinging
Pitching: RHP Carl Henry
Batting: RHB Germano Labrego 0-0: Foul Ball, location: 2F
0-1: Foul Ball, location: 2F
0-2: Ball
1-2: Foul Ball, location: 2F
1-2: Strikes out swinging
Bottom of the 8th over - 0 run(s), 2 hit(s), 0 error(s), 2 left on base; Bemidji 4 - Plumstead 2
TOP OF THE 9TH
Bemidji Benders batting - Pitching for Plumstead Eagles : LHP Dave Watkins
Batting: SHB Edgardo Osorio 0-0: Ball
1-0: Ball
2-0: Called Strike
2-1: Foul Ball, location: 2F
2-2: Ball
3-2: Strikes out looking
Batting: RHB Manny Ramírez 0-0: Called Strike
0-1: Ball
1-1: Called Strike
1-2: Ball
2-2: Ball
3-2: Base on Balls
Batting: RHB Ángel Garza 0-0: Ball
Passed Ball!
Manny Ramírez to second
1-0: Intentional Walk
Pitching: RHP Jeremy Murray
Batting: RHB Roberto Solís 0-0: Called Strike
0-1: Foul Ball, location: 2F
0-2: Foul Ball, location: 2F
0-2: Strikes out looking
Batting: RHB Gabriel Stout 0-0: Ball
1-0: Called Strike
1-1: Foul Ball, location: 2F
1-2: Ball
2-2: Ball
3-2: Strikes out swinging
Top of the 9th over - 0 run(s), 0 hit(s), 0 error(s), 2 left on base; Bemidji 4 - Plumstead 2
BOTTOM OF THE 9TH
Plumstead Eagles batting - Pitching for Bemidji Benders : RHP Carl Henry
Pitching: LHP António Martínez
Batting: SHB Nate Rhodes 0-0: Ball
1-0: Ball
2-0: Called Strike
2-1: Called Strike
2-2: Foul Ball, location: 2F
2-2: Strikes out looking
Batting: RHB Juan Magdayao 0-0: Ball
1-0: Foul Ball, location: 2F
1-1: Swinging Strike
1-2: Ball
2-2: Foul Ball, location: 2F
2-2: Ball
3-2: Base on Balls
Batting: RHB J.J. Leslie 0-0: Swinging Strike
0-1: Ball
1-1: Foul Ball, location: 2F
1-2: Strikes out swinging
Batting: RHB Donald Sanford 0-0: Ball
1-0: Ball
2-0: Ball
3-0: Base on Balls
Juan Magdayao to second
Batting: RHB Louis Smith 0-0: Ball
1-0: Ball
2-0: Foul Ball, location: 2F
2-1: Swinging Strike
2-2: Strikes out looking
Bottom of the 9th over - 0 run(s), 0 hit(s), 0 error(s), 2 left on base; Bemidji 4 - Plumstead 2
This league is powered by Out of the Park Baseball, the baseball management simulation game for PC, Mac and Linux
Wednesday, December 2nd, 2015 - OOTP Baseball 16.8 Build 38